← All builds
Beach sea / Legion / Economy first / OBSERVED BUILD

Standard beach sea

Legion Beach sea build order · Supreme Isthmus

Builds a shipyard early, gets a Syracusia out fast to contest or scout enemy sea entry, then expands into an Advanced Metal Extractor and more navy over the first 15 minutes.

Usually shipyard first (82%)

#naval #eco · 49 distinct matches · 27 players · 75% of Legion Beach sea games · team won 39% of 49 · Recently observed

HOW TO PLAY IT

Key timing: Shipyard by 2:06

  1. Take mex and wind while queuing the shipyard early.
  2. Get the shipyard up before 3:24 to start naval production.
  3. Add Argonaut and Iapetus to back up the early push.
  4. Push out a Syracusia fast to contest or scout enemy sea.
  5. Transition to T2 with an advanced mex as navy expands.

Phase by phase

TYPICAL OF ITS 49 GAMES
  1. 1
  2. 2
  3. 3
PLAY THE OPENING

Follow the example game's first 6:00 step by step: what to build now, what comes next, and where it goes. At 1× it keeps pace with your own game.

  1. 1

    Up to the Shipyard

    Economy
    • Metal Extractor3Mex
    • Wind Turbine3Wind
    • Wind Turbine2Windfor allies
    • Energy Storage1Energy storage
    Order
    1. ShipyardShipyard after 3 mex, 3 wind, 1 energy storagedone ~1:57, middle half 1:44–2:20

    By 1:41 in all: 3 mex · 3 wind · 1 energy storage

    The example game in this phase · 7 steps
    1. Wind
    2. Mex ×3
    3. Wind ×3for Air
    4. Energy storage
    5. PharosPharos
    6. Wind ×3
    7. ShipyardShipyarddone 2:20 · typical 1:57
  2. 2

    Shipyard to 5:00

    Economy
    • Metal Extractor4Mex
    • Tidal Generator2Tidal
    Builders
    • Construction Ship2 Con ship
    Army
    • Argonaut1 Argonaut
    • Iapetus1 Iapetus
    • Syracusia1 Syracusia

    Some games also: Naval Radar / Sonar Tower (49%) · Hippocampus (47%) · wind (47%) · Stheno (47%) · Legion Drone (47%)

    By 5:00 in all: 7 mex · 4 wind · 2 tidal · 1 energy storage

    The example game in this phase · 19 steps
    1. Construction ShipCon ship
    2. HippocampusHippocampus
    3. ArgonautArgonaut ×2
    4. Mex
    5. Wind ×2
    6. Wind
    7. Mex
    8. Construction ShipCon ship
    9. Wind
    10. SyracusiaSyracusianot finished by 15:00 · typical 4:53
    11. Mex
    12. Construction ShipCon ship
    13. SyracusiaSyracusia
    14. Naval Construction Turret
    15. Mex
    16. Converter
    17. Mex
    18. Legion DroneLegion Drone
    19. DionysusDionysus
  3. 3

    5:00 to 10:00

    Economy
    • Metal Extractor2Mex
    Builders
    • Dionysus1 Dionysus
    Army
    • Stheno1 Stheno
    • Legion Drone6 Legion Drone
    • Argonaut2 Argonaut
    • Syracusia2 Syracusia
    • Iapetus1 Iapetus
    Other
    • Naval Radar / Sonar Tower2 Naval Radar / Sonar Tower

    Some games also: Pharos (47%) · wind (43%) · con ship (43%) · wind (35%) · Naval Construction Turret (35%)

    By 10:00 in all: 9 mex · 7 wind · 4 tidal · 1 energy storage

    The example game in this phase · 85 steps
    1. Naval Radar / Sonar TowerNaval Radar / Sonar Tower ×2
    2. Con turret
    3. Legion DroneLegion Drone
    4. DionysusDionysus
    5. IapetusIapetus
    6. ArgonautArgonaut
    7. Dragon's JawDragon's Jaw
    8. Wind
    9. ArgonautArgonaut
    10. SthenoStheno
    11. Wind
    12. Mex
    13. Legion DroneLegion Drone
    14. Wind
    15. ArgonautArgonaut
    16. Mex
    17. Wind
    18. Legion DroneLegion Drone
    19. Naval Radar / Sonar TowerNaval Radar / Sonar Tower
    20. PharosPharos
    21. ArgonautArgonaut
    22. Wind
    23. PharosPharos ×2
    24. DionysusDionysus
    25. Wind ×2
    26. ArgonautArgonaut
    27. BrambleBramble
    28. Converter
    29. Dragon's JawDragon's Jaw
    30. ArgonautArgonaut
    31. BrambleBramble
    32. Wind ×7
    33. Hovercraft PlatformHovercraft Platformdone 9:41
    34. Converter
    35. Wind ×3
    36. Construction HovercraftCon hovercraft
    37. Wind ×2
    38. Construction HovercraftCon hovercraft
    39. Wind
    40. Construction HovercraftCon hovercraft
    41. Wind
    42. Converter
    43. Con turret
    44. Wind ×2
    45. Con turret
    46. Wind
    47. Advanced Metal ExtractorT2 mexdone 11:14 · typical 9:42
    48. Wind
    49. Wind
    50. AlpheusAlpheus
    51. Wind
    52. NyxNyx
    53. AlpheusAlpheus
    54. Wind
    55. Wind
    56. Wind
    57. Wind
    58. GlaucusGlaucus
    59. Wind
    60. Converter
    61. Wind ×5
    62. Advanced Metal ExtractorT2 mex
    63. Wind
    64. Wind
    65. Converter
    66. Wind ×4
    67. Converter
    68. GlaucusGlaucus
    69. Wind
    70. Advanced Metal ExtractorT2 mex
    71. GlaucusGlaucus
    72. Wind
    73. GlaucusGlaucus
    74. Wind
    75. GlaucusGlaucus ×3
    76. Con turret
    77. GlaucusGlaucus
    78. SmugglerJammer bot
    79. GlaucusGlaucus ×9
    80. Advanced Metal ExtractorT2 mex
    81. Con turret
    82. Hovercraft PlatformEat Hovercraft Platformreclaimed for its metal
    83. Con turret ×3
    84. Fusion ReactorFusionnot finished by 15:00
    85. Bot LabBot Labnot finished by 15:00

Counts are medians over the build's games: half of them build more, half fewer. The example game is Cinnamon18's (32 OS, 29/09/2026); pick another.

Team trades

IN AT LEAST 30% OF ITS GAMES

You hand over

  • Wind Turbine3 Wind to Airfirst at 1:56 · in 67% of games

You get

  • Finch1 Finch from Airfirst at 2:01 · in 41% of games
  • Lazarus1 Lazarus from Geofirst at 2:18 · in 39% of games
  • Construction Bot1 Con bot from Geofirst at 2:27 · in 41% of games
  • Legion Construction Bot1 Legion Construction Bot from Geo or Air or Geo seafirst at 2:44 · in 33% of games
  • Advanced Construction Bot1 T2 con bot from Techfirst at 7:56 · in 76% of games

How it plays out

Typical game of this build, running totals by minute

Metal produced

010k20k30k
0:005:0010:0015:00

metal

Enemy metal destroyed

02.5k5k7.5k
0:005:0010:0015:00

metal

Own metal lost

02.5k5k7.5k
0:005:0010:0015:00

metal

49 games.

Show as table
ByMetal produced: This buildEnemy metal destroyed: This buildOwn metal lost: This build
1:0039800
2:0093100
3:00156200
4:00246000
5:0036458568
6:004920345230
7:006284875361
8:0076991386860
9:00913817181260
10:001088527731830
11:001289936062541
12:001524842733556
13:001823248624380
14:002023854804892
15:002303263656215
WHAT THE NUMBERS SAY

Standard beach sea has the weakest win rate here, with own metal lost outpacing enemy metal destroyed by 15:00.

  • + Early Syracusia by 4:43 gives fast sea presence to contest entry.
  • − Team wins only 38% of games, own metal lost (5105) nearly matches enemy destroyed (6441).
THE EXAMPLE YOU ARE READING

Cinnamon18

32.0 OS · 29/09/2026

Open source match ↗

8 received units · includes a constructor
205 metal received · 32285 energy received

Allied construction assistance is unknown. Timings are observations, not a promise of solo reproducibility.

Typical milestones

Shipyard1:57Middle 50%: 1:44–2:20 · n=49
Syracusia4:53Middle 50%: 4:25–5:47 · n=40
Advanced Metal Extractor9:42Middle 50%: 9:05–10:17 · n=35

Played most by

Rysica5games of this buildJesterB4games of this buildNFX_Scurvy4games of this buildAdeus3games of this buildEpicTyrannus3games of this build